Map: Dusty Gorge

Players

derHase

  • Race: Terran Terran
  • League: Diamond
  • Spawn Location: 11:00

PureLegacy

  • Race: Terran Terran
  • Spawn Location: 9:00

IllIlllIIIlI

  • Race: Terran Terran
  • League: Master
  • Spawn Location: 3:00

MarineKing

  • Race: Terran Terran
  • League: Master
  • Spawn Location: 5:00

VOD

Have the link to the VOD?

Description

Time

  • Played on: Nov. 27, 2018, 6:24 p.m.
  • Length: 14:33
Show
View Real Time Build Order
Export as new Build Order

derHase Terran 

Build Orders:  

Get SALT Encoding   

  12  0:02  SCV  
  13  0:14  SCV  
  14  0:19  Supply Depot  
  14  0:26  SCV  
  15  0:30  Refinery  
  15  0:41  SCV  
  16  0:46  Barracks  
  16  0:53  SCV  
  17  0:58  Refinery  
  17  1:05  SCV  
  18  1:17  SCV  
  19  1:33  Orbital Command  
  19  1:34  Reaper  
  19  1:39  Factory  
  20  1:49  Supply Depot  
  20  2:00  SCV  
  21  2:11  Barracks Reactor  
  21  2:12  SCV  
  22  2:24  SCV  
  22  2:29  Hellion  
  24  2:34  Factory  
  24  2:43  SCV  
  25  2:47  Supply Depot  
  25  2:58  Hellion x2  
  29  3:01  Barracks Tech Lab  
  29  3:13  SCV  
  29  3:19  Hellion x2  
  34  3:29  Supply Depot, Siege Tank  
  34  3:31  Infernal Pre-Igniter  
  37  3:52  Widow Mine x2  
  37  3:54  Supply Depot  
  41  4:01  Engineering Bay, Siege Tank  
  44  4:08  Supply Depot  
  44  4:13  Widow Mine  
  44  4:16  Widow Mine  
  48  4:32  Command Center  
  33  5:36  Hellion x2  
  33  5:37  Siege Tank  
  33  5:42  Starport  
  40  5:43  Missile Turret  
  40  5:48  Orbital Command  
  40  5:57  Hellion x2, SCV  
  45  6:09  SCV, Siege Tank  
  49  6:14  SCV  
  50  6:21  SCV  
  51  6:30  Hellion x2  
  55  6:33  SCV  
  56  6:43  SCV  
  56  6:45  SCV  
  58  6:55  SCV  
  58  6:58  SCV  
  56  7:07  SCV  
  43  7:08  Siege Tank  
  43  7:09  Starport Tech Lab  
  43  7:10  SCV  
  43  7:11  Starport  
  43  7:13  Widow Mine x2  
  51  7:21  Barracks Reactor  
  51  7:22  SCV x2  
  51  7:23  Missile Turret x2  
  51  7:30  Raven  
  51  7:34  Missile Turret  
  53  7:38  Widow Mine x2  
  53  7:39  SCV x2  
  53  7:43  Refinery  
  59  7:49  Starport Reactor  
  59  7:51  SCV x2  
  59  7:58  Supply Depot, Siege Tank  
  64  7:59  Supply Depot  
  64  8:11  SCV  
  64  8:12  SCV  
  66  8:14  Command Center  
  66  8:17  Refinery, Raven  
  68  8:28  Armory  
  68  8:30  Armory  
  68  8:40  Widow Mine x2  
  68  8:41  Siege Tank  
  75  9:05  Missile Turret  
  75  9:13  Siege Tank  
  77  9:19  Viking x2  
  81  9:32  Liberator  
  81  9:45  Siege Tank  
  84  9:49  Refinery  
  87  9:54  Hellion x2  
  87  9:55  Orbital Command  
  87  9:59  Refinery  
  91  10:00  Missile Turret x2  
  91  10:02  Missile Turret  
  87  10:15  Hellion x2  
  85  10:27  SCV x2  
  87  10:32  Terran Vehicle Weapons Level 1  
  87  10:33  Terran Vehicle And Ship Armor Level 1  
  87  10:39  SCV x2  
  89  10:51  SCV x2  
  91  11:03  SCV x2  
  93  11:07  SCV  
  93  11:10  Siege Tank  
  101  11:11  Hellion x2  
  101  11:15  SCV x2  
  103  11:19  SCV  
  104  11:27  SCV x2  
  104  11:31  SCV  
  87  11:33  Hellion x2  
  87  11:37  Raven  
  87  11:38  Viking x2  
  87  11:39  SCV x2  
  91  11:42  Siege Tank  
  91  11:43  SCV  
  95  11:51  Factory, SCV  
  95  11:53  Factory  
  95  11:54  Factory, Hellion x2  
  96  11:59  Barracks Reactor  
  96  12:04  Missile Turret  
  96  12:05  Supply Depot, Command Center  
  96  12:07  Missile Turret  
  96  12:08  Supply Depot  
  96  12:09  Missile Turret  
  96  12:10  Missile Turret, Supply Depot  
  96  12:14  Siege Tank  
  101  12:15  Hellion  
  101  12:21  Viking x2  
  105  12:30  Sensor Tower  
  105  12:46  Siege Tank  
  105  12:51  Viking x2  
  108  12:58  Factory Reactor  
  108  13:01  Hellion x2  
  107  13:06  Factory Tech Lab  
  106  13:18  Siege Tank  
  107  13:21  Viking  
  85  13:45  Orbital Command  
  82  13:48  Siege Tank  
  82  13:49  Hellion x4  
  82  13:50  Hellion, Siege Tank  
  98  14:07  Orbital Command  
  102  14:10  Hellion  
Show
View Real Time Build Order
Export as new Build Order

PureLegacy Terran 

Build Orders:  

Get SALT Encoding   

  12  0:01  SCV  
  13  0:13  SCV  
  14  0:19  Supply Depot  
  14  0:26  SCV  
  15  0:32  Refinery  
  15  0:41  SCV  
  16  0:48  Barracks  
  16  0:53  SCV  
  17  1:07  Barracks  
  17  1:17  Barracks  
  17  1:22  SCV  
  18  1:36  Reaper  
  19  1:40  Orbital Command  
  19  1:53  Refinery  
  19  1:57  Reaper  
  20  2:04  Supply Depot, Reaper  
  21  2:10  Reaper  
  21  2:13  SCV  
  23  2:29  Reaper  
  24  2:33  SCV  
  25  2:38  Reaper  
  25  2:39  Supply Depot  
  26  2:45  SCV  
  26  2:48  Reaper  
  28  3:01  Reaper  
  29  3:05  SCV  
  30  3:13  Command Center  
  30  3:16  Reaper  
  30  3:17  SCV  
  32  3:27  Supply Depot, Reaper  
  32  3:30  SCV  
  34  3:35  Reaper  
  35  3:42  SCV  
  37  3:48  Reaper  
  37  3:51  Engineering Bay  
  37  3:54  SCV  
  38  4:03  Reaper  
  38  4:05  Barracks  
  38  4:06  Barracks  
  39  4:10  Reaper  
  39  4:16  SCV  
  41  4:20  Reaper  
  41  4:22  Terran Infantry Weapons Level 1  
  42  4:30  Orbital Command  
  42  4:37  Refinery, Reaper  
  43  4:42  Reaper  
  44  4:48  Refinery  
  44  4:50  SCV  
  45  4:59  Reaper x2  
  47  5:04  Missile Turret x2  
  49  5:14  SCV  
  37  5:37  Barracks Tech Lab, Barracks Reactor  
  37  5:38  Marine  
  37  5:39  Marine x2  
  37  5:40  SCV  
  37  5:41  SCV  
  37  5:43  Factory  
  37  5:53  SCV x2  
  37  5:55  Marine, Stimpack  
  40  6:00  Marine x3  
  43  6:05  SCV x2  
  45  6:14  Marine x2  
  45  6:17  SCV x2  
  49  6:24  Marine x2  
  49  6:25  Marine x2  
  53  6:29  SCV x2  
  53  6:30  Factory Reactor, Starport  
  56  6:35  Marine x2  
  56  6:36  Terran Infantry Armor Level 1  
  56  6:38  Supply Depot  
  57  6:41  SCV x2  
  57  6:43  Barracks Reactor x2  
  57  6:44  Barracks Reactor  
  59  6:47  Supply Depot  
  59  6:53  SCV x2  
  61  7:05  SCV x2  
  63  7:09  Marine x3  
  63  7:17  SCV x2  
  63  7:19  Medivac x2, Factory Tech Lab  
  69  7:23  Supply Depot, Marine x2  
  69  7:24  Supply Depot, Marine x4  
  69  7:27  Marine  
  76  7:38  Command Center  
  76  7:44  Siege Tank  
  76  7:46  Supply Depot  
  76  7:51  Medivac x2  
  83  8:05  Supply Depot  
  83  8:06  Armory  
  83  8:07  Engineering Bay  
  83  8:12  Marine x4  
  87  8:14  Combat Shield  
  87  8:16  Siege Tank  
  90  8:23  Marine x3  
  90  8:24  Marine  
  94  8:28  Medivac  
  94  8:29  Medivac  
  94  8:30  Supply Depot  
  95  8:43  Marine x8  
  103  8:48  Siege Tank  
  103  8:54  Marine  
  90  8:59  SCV x2  
  90  9:00  Marine  
  90  9:01  Marine  
  94  9:03  Terran Infantry Weapons Level 2, Terran Infantry Armor Level 2  
  94  9:13  SCV x2  
  96  9:17  Supply Depot  
  96  9:18  Marine x3  
  96  9:19  Marine x3  
  99  9:33  SCV x2  
  99  9:35  Orbital Command  
  99  9:36  Factory  
  101  9:44  Siege Tank  
  104  9:51  Marine x4  
  104  9:53  Refinery  
  104  9:57  Marine x2  
  85  10:08  SCV x2  
  78  10:26  SCV  
  76  10:34  Siege Tank  
  79  10:35  SCV  
  79  10:36  SCV  
  79  10:37  Medivac x2  
  79  10:39  Factory  
  84  10:46  SCV  
  84  10:48  SCV  
  87  10:50  SCV  
  87  10:56  Marine x3  
  87  10:57  Marine x3  
  90  10:58  SCV  
  90  11:00  SCV  
  90  11:03  SCV  
  96  11:07  Medivac  
  96  11:10  SCV  
  99  11:12  SCV  
  99  11:13  Marine  
  99  11:14  Marine x4  
  99  11:16  Marine x3, SCV  
  99  11:18  Marine  
  110  11:32  Marine x2  
  112  11:43  Marine  
  112  11:44  Marine x3  
  112  11:46  Marine x2  
  118  11:50  SCV x3  
  118  11:51  Factory Tech Lab, Siege Tank  
  118  11:53  Marine x2  
  126  11:55  Supply Depot, Marine  
  126  11:56  Supply Depot  
  127  12:01  Marine x3  
  130  12:09  SCV x3  
  130  12:12  Refinery  
  130  12:15  Supply Depot  
  133  12:21  SCV  
  128  12:34  Marine  
  128  12:35  Marine x2  
  110  12:46  Siege Tank  
  110  12:47  Marine  
  102  12:52  Marine  
  102  12:56  Marine  
  101  13:05  Marine  
  100  13:10  Marine  
  93  13:13  Marine  
  93  13:14  Barracks  
  93  13:15  Barracks  
  93  13:16  Barracks  
  83  13:22  Marine  
  76  13:28  Marine  
  70  13:38  Marine  
  70  13:40  Marine  
Show
View Real Time Build Order
Export as new Build Order

IllIlllIIIlI Terran 

Build Orders:  

Get SALT Encoding   

  12  0:01  SCV  
  13  0:13  SCV  
  14  0:19  Supply Depot  
  14  0:26  SCV  
  15  0:41  SCV  
  15  0:42  Barracks  
  16  0:46  Refinery  
  16  0:53  SCV  
  17  1:04  Barracks  
  17  1:05  SCV  
  18  1:17  SCV  
  19  1:29  Orbital Command  
  19  1:30  Reaper  
  20  1:38  Barracks  
  20  1:46  Refinery  
  20  1:51  Reaper  
  21  2:00  Supply Depot, SCV  
  22  2:08  Reaper  
  23  2:21  SCV  
  24  2:27  Reaper  
  24  2:28  Reaper  
  26  2:35  SCV  
  27  2:40  Barracks x2  
  27  2:44  Reaper  
  28  2:50  Supply Depot  
  28  3:01  Reaper x2  
  28  3:02  SCV  
  31  3:13  Supply Depot  
  31  3:15  SCV  
  31  3:16  Reaper  
  33  3:27  Reaper x2  
  33  3:28  SCV  
  36  3:36  Supply Depot  
  36  3:38  Reaper  
  37  3:46  Reaper  
  37  3:47  SCV  
  39  3:56  Reaper  
  39  3:59  Supply Depot  
  40  4:05  Reaper  
  41  4:14  Reaper  
  42  4:17  Reaper  
  42  4:18  Command Center  
  43  4:28  Reaper  
  44  4:33  SCV  
  44  4:37  Refinery  
  44  4:38  Reaper  
  46  4:47  Refinery  
  46  4:51  Reaper  
  47  5:03  Reaper x2  
  48  5:09  Supply Depot  
  48  5:10  Supply Depot  
  43  5:34  Reaper x2, SCV  
  43  5:46  Orbital Command  
  43  5:49  SCV  
  44  5:51  Reaper x2  
  44  5:53  Reaper, Command Center  
  47  6:01  SCV  
  48  6:06  Reaper x2  
  50  6:13  SCV  
  51  6:20  Engineering Bay  
  51  6:26  Reaper x2  
  51  6:27  Reaper, SCV  
  51  6:30  SCV  
  56  6:39  Barracks Tech Lab, SCV  
  57  6:40  Reaper  
  57  6:43  SCV  
  59  6:49  Missile Turret x2  
  59  6:51  Terran Infantry Weapons Level 1, SCV  
  60  6:58  Reaper  
  60  6:59  Reaper, Stimpack  
  60  7:00  Reaper  
  52  7:11  Reaper  
  52  7:12  Reaper  
  54  7:21  SCV x2  
  56  7:38  SCV x2  
  56  7:43  Barracks Reactor  
  58  7:44  Missile Turret, Barracks Reactor  
  58  7:45  Refinery  
  58  7:49  Planetary Fortress  
  58  7:50  Refinery, SCV x2  
  58  7:51  Factory  
  60  7:57  Barracks Reactor  
  60  7:58  Barracks Reactor  
  59  7:59  Marine  
  59  8:02  SCV x2  
  59  8:05  Engineering Bay  
  62  8:14  SCV  
  62  8:19  SCV  
  64  8:21  Marine x3  
  64  8:22  Marine x2  
  64  8:26  SCV  
  70  8:31  SCV  
  70  8:33  Terran Infantry Armor Level 1  
  71  8:39  Marine x2  
  70  8:53  Factory Reactor  
  70  8:54  Armory  
  70  8:55  SCV  
  70  8:56  SCV x2  
  70  8:57  Starport  
  73  9:06  Supply Depot  
  73  9:08  SCV x3  
  76  9:18  Marine  
  76  9:20  SCV x3  
  80  9:31  Marine x4  
  79  9:32  Marine x4, SCV x2  
  79  9:35  Marine  
  90  9:49  Marine x3  
  93  9:56  Marine x4  
  93  9:57  Marine  
  98  10:06  Factory Tech Lab  
  96  10:07  Marine  
  96  10:08  Medivac x2  
  100  10:19  Marine x8  
  100  10:20  SCV x3  
  103  10:25  Marine  
  103  10:26  Supply Depot  
  103  10:27  Supply Depot x2  
  104  10:31  Supply Depot  
  104  10:33  Siege Tank  
  107  10:36  Marine  
  107  10:37  Marine  
  109  10:43  Marine  
  109  10:48  Marine x2  
  109  10:49  SCV x3  
  114  10:57  Barracks  
  114  10:58  Viking x2  
  114  10:59  Factory, Marine x5  
  114  11:00  Barracks  
  114  11:03  Supply Depot  
  123  11:06  Barracks, Supply Depot  
  123  11:16  Marine  
  123  11:17  Siege Tank  
  109  11:22  Marine x8  
  115  11:28  Medivac x2  
  111  11:34  Marine  
  111  11:39  Marine  
  108  11:40  Marine x7  
  116  11:49  Siege Tank  
  116  11:51  Terran Infantry Armor Level 2  
  116  11:52  Marine  
  120  11:56  Factory Tech Lab, Barracks Reactor  
  120  11:57  Marine, Barracks Reactor x2  
  120  11:58  Medivac x2, Marine x4  
  129  12:10  Command Center  
  129  12:11  Marine x4  
  129  12:15  Marine  
  134  12:28  Medivac x2  
  138  12:33  Terran Vehicle Weapons Level 1  
  117  12:46  Marine  
  117  12:47  Marine x14  
  110  13:04  Marine  
  110  13:05  Marine x5  
  98  13:18  SCV x2  
  98  13:19  Engineering Bay x2  
  89  13:21  Marine x3  
  92  13:30  Marine x6  
  92  13:31  Medivac, Marine x3, Siege Tank x2  
  110  13:34  Marine  
  110  13:38  Planetary Fortress  
  110  13:39  Marine x2  
  110  13:40  Marine  
  111  13:48  Marine x6  
  115  13:58  Marine  
  115  13:59  Barracks Reactor x2  
  115  14:00  Marine x3  
  115  14:01  Marine  
  112  14:05  Marine  
  112  14:06  Marine x4  
Show
View Real Time Build Order
Export as new Build Order

MarineKing Terran 

Build Orders:  

Get SALT Encoding   

  12  0:00  SCV  
  13  0:13  SCV  
  14  0:18  Supply Depot  
  14  0:25  SCV  
  15  0:39  SCV  
  15  0:41  Barracks  
  16  0:45  Refinery  
  16  0:51  SCV  
  17  1:03  Barracks, SCV  
  18  1:16  SCV  
  18  1:18  Refinery  
  19  1:28  Barracks  
  19  1:32  Reaper  
  20  1:42  Supply Depot  
  20  1:47  SCV  
  20  1:52  Reaper  
  22  2:03  SCV  
  22  2:06  Reaper  
  24  2:15  Reaper  
  25  2:32  Reaper  
  25  2:35  Orbital Command  
  25  2:38  Reaper  
  26  2:44  Factory  
  26  3:07  SCV  
  27  3:13  Barracks Tech Lab  
  27  3:14  Barracks Reactor  
  27  3:17  Barracks Reactor  
  27  3:19  SCV  
  26  3:24  Command Center  
  26  3:30  Factory Tech Lab  
  26  3:36  Starport  
  26  3:47  Marine  
  27  3:54  SCV  
  28  3:58  Siege Tank  
  31  4:08  Supply Depot  
  31  4:22  Stimpack  
  31  4:27  Supply Depot  
  31  4:29  Marine x4, SCV  
  36  4:39  Marine  
  36  4:40  Factory Tech Lab  
  36  4:41  Rapid Reignition System  
  37  4:47  Marine  
  37  4:52  Marine x3, Banshee  
  44  5:06  Marine x2  
  40  5:36  Marine x2  
  40  5:37  Banshee  
  40  5:40  Siege Tank  
  48  5:44  Orbital Command  
  48  5:45  SCV  
  48  5:46  Refinery  
  48  5:47  Refinery  
  46  5:57  SCV  
  47  6:04  Supply Depot  
  47  6:05  Engineering Bay  
  47  6:07  Marine  
  47  6:09  Marine, SCV  
  50  6:17  SCV  
  50  6:21  SCV  
  50  6:22  Combat Shield  
  50  6:24  Banshee  
  54  6:29  SCV  
  58  6:32  Siege Tank  
  58  6:33  SCV  
  59  6:41  SCV  
  59  6:44  Marine x2  
  59  6:45  Marine x3, SCV  
  66  6:53  SCV  
  67  6:58  SCV  
  68  7:05  SCV  
  69  7:10  SCV  
  70  7:18  SCV  
  70  7:23  Terran Infantry Weapons Level 1, Supply Depot  
  70  7:26  Engineering Bay  
  70  7:27  Armory  
  70  7:44  Marine x2  
  70  7:45  SCV x2  
  70  7:46  Barracks, Supply Depot  
  70  7:47  Barracks x2  
  70  7:49  Missile Turret  
  74  7:55  Supply Depot  
  74  7:59  Supply Depot  
  74  8:01  Medivac  
  74  8:02  Medivac  
  78  8:08  Terran Infantry Armor Level 1, Marine x2, Marauder x2  
  84  8:22  Supply Depot  
  84  8:25  Supply Depot, Siege Tank  
  87  9:04  Barracks Reactor x2  
  87  9:05  Barracks Reactor  
  84  9:18  Command Center  
  79  9:31  Marine  
  79  9:32  Medivac, Marine x3, Siege Tank  
  79  9:33  Medivac  
  89  9:39  Terran Infantry Weapons Level 2  
  89  9:49  Marine  
  90  9:59  Marine  
  67  10:00  Marine x7  
  67  10:02  Medivac  
  67  10:03  Medivac  
  67  10:04  Siege Tank  
  75  10:07  Marine  
  76  10:17  Marine x6  
  76  10:18  Marine  
  72  10:21  Marine  
  72  10:25  Marine  
  62  10:32  Medivac  
  62  10:33  Medivac  
  62  10:35  Marine x4  
  62  10:37  Siege Tank  
  63  10:45  SCV x2  
  62  10:51  Marine x2  
  62  10:52  Marine x4  
  62  10:53  Marine x3  
  62  10:54  Terran Infantry Armor Level 2  
  71  10:57  SCV x2  
  71  11:04  Command Center  
  73  11:09  Marine, SCV x2, Siege Tank  
  79  11:16  Marine x4  
  83  11:21  SCV x2  
  83  11:25  Missile Turret  
  85  11:32  Marine x3  
  86  11:33  Marine x2  
  86  11:39  SCV x2  
  92  11:41  Siege Tank  
  95  11:51  SCV  
  95  11:53  Marine  
  95  11:54  Marine x5  
  102  12:17  SCV x2, Orbital Command  
  102  12:22  Marine  
  104  12:23  Marine x8  
  107  12:42  Marine x9  
  115  12:58  Medivac x2  
  116  12:59  Marine  
  117  13:22  Marine x2  
  66  13:42  Marine x3  
  66  13:43  Medivac, Marine x6, Siege Tank  
  66  13:44  Medivac  
  78  14:00  Marine x2  
Tags
 
Add a new tag
Caveats
  • Supply blocks, unpowered buildings, or Contaminate may cause inaccurate times.
  • Supply counts are checked every 10 seconds.